 Dungeon Crawl Stone Soup version 0.21-a0-442-g848f44b (webtiles) character file.

593 tof the Twirler (level 7, 0/53 HPs)
             Began as a Demonspawn Gladiator on Nov 12, 2017.
             Slain by a white imp (5 damage)
             ... summoned by Scuka's ghost
             ... on level 4 of the Dungeon.
             The game lasted 00:08:36 (3833 turns).

tof the Twirler (Demonspawn Gladiator)              Turns: 3833, Time: 00:08:37

Health: 0/53       AC:  6    Str: 14    XL:     7   Next: 16%
Magic:  7/7        EV: 11    Int: 10    God:
Gold:   257        SH:  0    Dex: 16    Spells: 6/6 levels left

rFire    . . .     SeeInvis .   a - +0 quarterstaff
rCold    . . .     Gourm    .   (shield currently unavailable)
rNeg     . . .     Faith    .   m - +0 scale mail
rPois    .         Spirit   .   (helmet restricted)
rElec    .         Reflect  .   (no cloak)
rCorr    .         Harm     .   (no gloves)
MR       .....     Rnd*Tele +   (no boots)
Stlth    ..........             (no amulet)
HPRegen  0.17/turn              z - ring of teleportation (curse)
MPRegen  0.10/turn              (no ring)

@: no status effects
A: horns 2, spiny 1
a: no special abilities


You were on level 4 of the Dungeon.
You were not hungry.

You visited 1 branch of the dungeon, and saw 4 of its levels.
You also visited: Sewer.

You collected 257 gold pieces.

Inventory:

Hand Weapons
 a - a +0 quarterstaff (weapon)
Missiles
 d - a throwing net (quivered)
 h - 18 poisoned needles
Armour
 b - a +0 leather armour
 c - a +0 helmet
 m - a +0 scale mail (worn)
Jewellery
 z - a cursed ring of teleportation (left hand)
Wands
 I - a wand of flame (17/48)
Scrolls
 k - 2 scrolls of enchant weapon {unknown}
 p - 3 scrolls of fear {unknown}
 r - 2 scrolls of identify {unknown}
 s - 2 scrolls of fog {unknown}
 v - 3 scrolls of teleportation {unknown}
 w - a scroll of noise {unknown}
 y - 2 scrolls of amnesia {unknown}
 A - 4 scrolls of enchant armour {unknown}
 B - 2 scrolls of remove curse {unknown}
 G - a scroll of magic mapping {unknown}
Potions
 e - 2 potions of curing {unknown}
 g - a potion of resistance {unknown}
 i - 4 potions of brilliance {unknown}
 j - a potion of haste {unknown}
 l - 2 potions of flight {unknown}
 n - a potion of experience {unknown}
 o - a potion of agility {unknown}
 q - a potion of mutation {unknown}
 t - 2 potions of degeneration {unknown}
 u - a potion of ambrosia {unknown}
 C - a potion of might {unknown}
 D - a potion of berserk rage {unknown}
 H - a potion of magic {unknown}
Comestibles
 f - 2 bread rations
 x - a fruit
 E - a royal jelly


   Skills:
 + Level 3.9 Fighting
 * Level 5.1 Staves
 - Level 1.7 Throwing
 + Level 2.8 Armour
 + Level 4.1 Dodging


You had 6 spell levels left.
You didn't know any spells.

Dungeon Overview and Level Annotations

Branches:
Dungeon (4/15)
 Temple: D:4-7

Altars:
Fedhas
Makhleb
Nemelex Xobeh
Sif Muna
Wu Jian
Zin

Annotations:
D:4 Scuka's ghost, amateur DESu


Innate Abilities, Weirdness & Mutations

You have a pair of horns on your head.
You are partially covered in sharp spines.


Message History

The puff of frost hits you! The white imp barely misses you.
Scuka's ghost hits you.
You closely miss Scuka's ghost.
Scuka's ghost is severely damaged.
The crimson imp is struck by your spines.
The crimson imp hits you but does no damage.
The white imp closely misses you. The white imp gestures at you.
The puff of frost hits you! Scuka's ghost hits you.
You sock Scuka's ghost!
You headbutt Scuka's ghost, but do no damage.
Scuka's ghost is almost destroyed.
The crimson imp blinks!
The white imp gestures at you. The puff of frost hits you!
* * * LOW HITPOINT WARNING * * *
The white imp hits you.
* * * LOW HITPOINT WARNING * * *
The white imp freezes you.
You die...

# #.#..#.# #.##.#..... #
###.#..#.# #.##.#.#### #
..........## #.##.#.####
#.#.####...........# #.##.#.....
#.#.#............>.# #.##.#.####
#............#.###.####.##.#.# #
#.#.#.# .###....r....##.##)#.# #
#.....# #.#.5W5.........#.####
#.....##.###....@ยง..5............
...#..# ...........#...........##
......######...)#.#####.#.##.#.##
#.......................#.#......
..............#.#.#####.#.##.#.##
#.#.#.####..#.#...........##.#.##
#...#.# #..#.###.##########.####
#..##.# #..#.#......#### #.# #
#..##.# #..#...........# #.# #


You could see Scuka's ghost, a crimson imp, 2 white imps and a rat.

Vanquished Creatures
  An ogre (D:4)
  A phantom (D:4)
  A crocodile (Sewer)
  A howler monkey (D:4)
  A centaur skeleton (D:3)
  An iguana (D:4)
  Ijyb (D:4)
  Jessica (D:3)
  A worker ant (D:4)
  9 adders
  A worm (D:3)
  5 dart slugs
  6 leopard geckos
  An orc (D:4)
  10 giant cockroaches
  12 goblins
  6 hobgoblins
  2 jackals (D:4)
  A quokka (D:2)
  A ball python (D:2)
  14 bats
  4 frilled lizards
  A jackal skeleton (D:4)
  5 kobolds
  A leopard gecko skeleton (D:4)
  5 rats
93 creatures vanquished.

Notes
Turn   | Place    | Note
-------+----------+-------------------------------------------
     0 | D:1      | tof the Demonspawn Gladiator began the quest for the Orb.
     0 | D:1      | Reached XP level 1. HP: 16/16 MP: 1/1
   121 | D:1      | Gained mutation: You are partially covered in sharp spines. [demonic ancestry]
   121 | D:1      | Reached XP level 2. HP: 20/22 MP: 2/2
   158 | D:1      | Reached skill level 3 in Staves
   720 | D:1      | Reached skill level 1 in Armour
   720 | D:1      | Gained mutation: You have a pair of small horns on your head. [demonic ancestry]
   720 | D:1      | Reached XP level 3. HP: 25/28 MP: 3/3
   794 | D:2      | Found a glowing silver altar of Zin.
  1222 | D:2      | Reached XP level 4. HP: 32/34 MP: 4/4
  1272 | D:2      | Found a burning altar of Makhleb.
  1521 | D:3      | Found an ornate altar of the Wu Jian Council.
  1636 | D:3      | Found a blossoming altar of Fedhas.
  1739 | D:3      | Noticed Jessica
  1746 | D:3      | Killed Jessica
  1827 | D:3      | Reached skill level 4 in Staves
  1827 | D:3      | Reached XP level 5. HP: 37/40 MP: 5/5
  2018 | D:3      | Found a sparkling altar of Nemelex Xobeh.
  2341 | D:4      | Found a glowing drain.
  2357 | Sewer    | Entered a sewer
  2377 | Sewer    | Noticed a crocodile
  2391 | Sewer    | Killed a crocodile
  2391 | Sewer    | Gained mutation: You have a pair of horns on your head. [demonic ancestry]
  2391 | Sewer    | Reached XP level 6. HP: 47/47 MP: 6/6
  3213 | D:4      | Reached skill level 5 in Staves
  3213 | D:4      | Reached XP level 7. HP: 19/53 MP: 7/7
  3502 | D:4      | Noticed Ijyb
  3516 | D:4      | Killed Ijyb
  3700 | D:4      | Found a deep blue altar of Sif Muna.
  3820 | D:4      | Noticed Scuka's ghost (amateur DESu)
  3833 | D:4      | Slain by a white imp

Vault maps used:
D:1:      lightli_arrival_statuegarden
D:2:      lemuel_doored_altar, zin_academy
D:3:      marbit_many_paths, nicolae_overflow_crystal_walls, serial_bayou,
          serial_bayou_pond_a, serial_bayou_shore_b, serial_bayou_shore_b,
          serial_bayou_lake_a, serial_bayou_lagoon_a, first_bread,
          nemelex_diamond_rough_becter, uniq_jessica
D:4:      kennysheep_goblin_castle, lemuel_blue_sif_altar, gup_sewer_entry_pipe
Sewer:    sewer_big_baddie

Skill      XL: |  1  2  3  4  5  6 |
---------------+-------------------+-----
Staves         | 3 4 5 |  5.1
Armour         | 1 2 |  2.8
Dodging        | 3 4 |  4.1
Fighting       | 3 |  3.9
Throwing       | |  1.7

Action                   |  1- 3 |  4- 6 |  7- 9 || total
-------------------------+-------+-------+-------++-------
Melee: Quarterstaff      |    69 |   115 |    25 ||   209
       Headbutt          |     2 |    15 |     6 ||    23
Throw: Throwing net      |       |     2 |       ||     2
 Stab: Held in net/web   |       |     1 |       ||     1
  Eat: Chunk             |     1 |     6 |     2 ||     9
Armor: Leather armour    |    20 |       |       ||    20
       Scale mail        |    10 |    39 |    20 ||    69
Dodge: Dodged            |    51 |    58 |    17 ||   126

Table legend:
 A = Spawn XP
 B = Non-spawn XP
 C = Spawn XP percentage of total XP
 D = Spawn monster count
 E = Non-spawn monster count
 F = Spawn count percentage of total count
 G = Total turns spent on level
                    A         B        C        D         E        F      G
               +---------+---------+-------+---------+---------+-------+---------
         Total |       0 |     848 |   0.0 |       0 |      93 |   0.0 |  3833
               +---------+---------+-------+---------+---------+-------+---------
           D:1 |       0 |      64 |   0.0 |       0 |      25 |   0.0 |  1035
           D:2 |       0 |      63 |   0.0 |       0 |      20 |   0.0 |   413
           D:3 |       0 |     127 |   0.0 |       0 |      13 |   0.0 |   774
           D:4 |       0 |     481 |   0.0 |       0 |      29 |   0.0 |  1531
         Sewer |       0 |     113 |   0.0 |       0 |       6 |   0.0 |    80
               +---------+---------+-------+---------+---------+-------+---------
